 Dungeon Crawl Stone Soup version 0.19-a0-1895-g783e625 (webtiles) character file.

4875 Amnesiac the Grappler (level 10, 0/153 HPs)
             Began as a Troll Berserker on Oct 18, 2016.
             Was a Priest of Trog.
             Slain by a redback (9 damage)
             ... on level 2 of the Lair of Beasts.
             The game lasted 00:04:35 (1966 turns).

Amnesiac the Grappler (Troll Berserker)             Turns: 1966, Time: 00:04:36

Health: 0/153      AC:  5    Str: 32    XL:     10   Next: 26%
Magic:  18/18      EV: 10    Int:  3    God:    Trog [***...]
Gold:   350        SH:  0    Dex: 12    Spells: 0 memorised, 9 levels left

rFire  . . .     SeeInvis .       - Unarmed
rCold  + . .     Gourm    +     a - +0 animal skin
rNeg   . . .     Faith    .     (no shield)
rPois  .         Spirit   .     (helmet restricted)
rElec  .         Reflect  .     (no cloak)
rCorr  .         Harm     .     (gloves unavailable)
MR     .....                    (boots unavailable)
Stlth  ..........               (no amulet)
                                s - ring of magical power
                                e - ring of protection from cold

@: berserking, lethally poisoned (0 -> -9), very quick
A: unfitting armour, claws 3, fast metabolism 3, gourmand, regeneration 1,
shaggy fur 1, tough skin 2
a: Berserk, Trog's Hand, Burn Spellbooks, Renounce Religion


You were on level 2 of the Lair of Beasts.
You worshipped Trog.
Trog was most pleased with you.
You were very full.

You visited 3 branches of the dungeon, and saw 13 of its levels.

You collected 350 gold pieces.

Inventory:

Missiles
 k - a throwing net (quivered)
Armour
 a - a +0 animal skin (worn)
 l - a +0 shield
Rods
 E - a +1 rod of clouds (14/14)
   (You found it on level 2 of the Lair of Beasts)
Jewellery
 e - a ring of protection from cold (left claw)
 s - a ring of magical power (right claw)
Wands
 w - a wand of lightning (8/15)
 x - a wand of enslavement (17/24)
Scrolls
 c - 2 scrolls of amnesia
 h - 3 scrolls of identify
 n - a scroll of noise {unknown}
 o - a scroll of fog {unknown}
 q - 2 scrolls of remove curse {unknown}
 A - a scroll of enchant weapon {unknown}
 B - 2 scrolls of enchant armour {unknown}
 C - a scroll of recharging {unknown}
Potions
 d - a potion of curing
 g - a potion of berserk rage {unknown}
 j - a potion of ambrosia {unknown}
 m - a potion of lignification
 p - a potion of cure mutation {unknown}
 v - a potion of heal wounds {unknown}
 D - a potion of haste {unknown}
Books
 t - a book of Conjurations

   Spells                             Type                      Level
   a - Magic Dart                     Conjuration                  1
   b - Searing Ray                    Conjuration                  2
   c - Dazzling Spray                 Conjuration/Hexes            3
   d - Fulminant Prism                Conjuration/Hexes            4
   e - Iskenderun's Mystic Blast      Conjuration                  4
   f - Iskenderun's Battlesphere      Conjuration/Charms           5
   Trog disapproves of the use of such an item.
 y - a book of Maledictions

   Spells                             Type                      Level
   a - Corona                         Hexes                        1
   b - Ensorcelled Hibernation        Hexes/Ice                    2
   c - Confuse                        Hexes                        3
   d - Tukima's Dance                 Hexes                        3
   e - Dazzling Spray                 Conjuration/Hexes            3
   Trog disapproves of the use of such an item.
Comestibles
 b - 4 bread rations
 f - 3 slices of pizza
 i - 5 fruits
 r - 3 chunks of flesh
 u - 3 meat rations
 z - a beef jerky


   Skills:
 + Level 7.4 Fighting
 - Level 2.4 Dodging
 * Level 12.6 Unarmed Combat


You had 9 spell levels left.
You didn't know any spells.

Dungeon Overview and Level Annotations

Branches:
Dungeon (10/15)              Lair (2/6) D:10         Spider (1/4) Lair:2
 Temple: D:4-7        Swamp: Lair:2-4    Shoals: Lair:2-4       Orc: D:9-12

Altars:
Yredelemnul

Shops:
D:7 [   D:9 (


Innate Abilities, Weirdness & Mutations

You are too large for most types of armour.
You have claws for hands.
Your metabolism is lightning-fast.
You like to eat raw meat.
Your natural rate of healing is unusually fast.
You are covered in fur. (AC +1)
You have very tough skin. (AC +2)


Message History

The redback is moderately wounded.
You feel sick.
You claw the redback!
The redback is severely wounded.
You feel sick. The redback bites you!
* * * LOW HITPOINT WARNING * * *
You closely miss the redback.
The redback is severely wounded.
You feel sick. The redback bites you.
* * * LOW HITPOINT WARNING * * *
You mangle the redback!!
You kill the redback!
Trog accepts your kill.
* * * LOW HITPOINT WARNING * * *
You feel sick.
You mangle the redback!!
The redback is severely wounded.
* * * LOW HITPOINT WARNING * * *
You feel sick. The redback bites you!
You die...

...........#..#...#....
.##....#^..#...# ....
#.....#..#.#..##..
##..#.#..^.^..#.#
#..###.≈.≈≈#.^# ..##
##..###.≈≈≈≈≈.## ...
#...##..≈..^≈.## ..##
##...##.+.>.s†.# ...###
#...####^###@#### .....♣
#..###########..##....♣
#......##..##...#....♣♣
#..##..##..P#....)....♣
#...#...##......#P.♣♣.♣♣
##..##..........##♣.♣♣.♣
...##..#...##..#..♣..♣♣♣
#P..#P..#...##.......P♣.♣♣
##..##............♣♣♣..♣.♣♣♣#


You could see a redback.

Vanquished Creatures
  Erolcha (D:9)
  The ghost of Amnesiac the Severer, a novice DDBe of Trog (D:10)
  An orb spider (Lair:2)
  The ghost of Raws the Slasher, a novice HEGl of Okawaru (D:6)
  A spiny frog (Lair:2)
  Prince Ribbit (D:9)
  2 redbacks (Lair:2)
  A wyvern (D:10)
  A water moccasin (D:9)
  Duvessa (D:7)
  A porcupine (Lair:2)
  A phantom (D:9)
  5 wolves (Lair:2)
  A centaur (D:6)
  2 bullfrogs
  Dowan (D:7)
  2 crimson imps
  A bullfrog zombie (D:5)
  2 centaur zombies
  A jelly (D:9)
  An orc priest (D:7)
  An orc wizard (D:9)
  A bullfrog skeleton (D:9)
  An iguana (D:5)
  2 worker ants (D:6)
  A hound zombie (D:7)
  4 gnolls (D:9)
  2 adders
  An adder zombie (D:7)
  2 adder skeletons
  A worm (D:3)
  3 leopard geckos
  11 orcs
  3 giant cockroaches
  2 hobgoblins (D:1)
  3 jackals (D:7)
  2 quokkas (D:7)
  2 bats (D:1)
  A kobold (D:1)
  4 rats (D:1)
76 creatures vanquished.

Notes
Turn   | Place    | Note
-------+----------+-------------------------------------------
     0 | D:1      | Amnesiac the Troll Berserker began the quest for the Orb.
     0 | D:1      | Reached XP level 1. HP: 22/22 MP: 0/0
   250 | D:1      | Reached XP level 2. HP: 29/29 MP: 1/1
   442 | D:5      | Entered Level 5 of the Dungeon
   496 | D:5      | Reached skill level 4 in Unarmed Combat
   496 | D:5      | Reached XP level 3. HP: 28/36 MP: 2/2
   573 | D:5      | Found a basalt altar of Yredelemnul.
   583 | D:5      | Reached skill level 5 in Unarmed Combat
   583 | D:5      | Reached XP level 4. HP: 44/44 MP: 3/3
   730 | D:6      | Reached ** piety under Trog
   730 | D:6      | Reached XP level 5. HP: 50/50 MP: 4/4
   772 | D:6      | Noticed a centaur
   785 | D:6      | Reached skill level 6 in Unarmed Combat
   786 | D:6      | Killed a centaur
   817 | D:6      | Noticed Raws's ghost (novice HEGl)
   833 | D:6      | Killed Raws's ghost
   833 | D:6      | Reached skill level 8 in Unarmed Combat
   833 | D:6      | Reached XP level 6. HP: 49/59 MP: 5/5
   833 | D:6      | Reached XP level 7. HP: 55/66 MP: 6/6
   922 | D:7      | Noticed Duvessa
   946 | D:7      | Noticed Dowan
   947 | D:7      | Killed Duvessa
   947 | D:7      | Reached skill level 9 in Unarmed Combat
   958 | D:7      | Killed Dowan
   997 | D:7      | Found Qoz Kiux's Armour Boutique.
  1228 | D:9      | Reached XP level 8. HP: 40/74 MP: 7/7
  1256 | D:9      | Reached skill level 10 in Unarmed Combat
  1346 | D:9      | Found Tiplomash's Weapon Boutique.
  1424 | D:9      | Noticed Prince Ribbit
  1437 | D:9      | Killed Prince Ribbit
  1447 | D:9      | Noticed Erolcha
  1462 | D:9      | Killed Erolcha
  1462 | D:9      | Reached skill level 5 in Fighting
  1462 | D:9      | Reached XP level 9. HP: 62/88 MP: 8/8
  1544 | D:9      | Reached *** piety under Trog
  1663 | D:10     | Entered Level 10 of the Dungeon
  1681 | D:10     | Found a staircase to the Lair.
  1699 | D:10     | Reached skill level 11 in Unarmed Combat
  1709 | D:10     | Noticed Amnesiac's ghost (novice DDBe)
  1718 | D:10     | Killed Amnesiac's ghost
  1746 | Lair:1   | Entered Level 1 of the Lair of Beasts
  1781 | Lair:2   | Noticed a spiny frog
  1792 | Lair:2   | Reached skill level 12 in Unarmed Combat
  1794 | Lair:2   | Killed a spiny frog
  1794 | Lair:2   | Reached XP level 10. HP: 102/102 MP: 9/9
  1929 | Lair:2   | Found a hole to the Spider Nest.
  1929 | Lair:2   | Noticed an orb spider
  1951 | Lair:2   | Killed an orb spider
  1953 | Spider:1 | Entered Level 1 of the Spider Nest
  1966 | Lair:2   | Slain by a redback

Vault maps used:
D:1:      kennysheep_arrival_seaside, serial_glass, glass_columns_a,
          glass_columns_a
D:2:      uniq_crazy_yiuf_cottage, uniq_robin
D:3:      cheibriados_altar_1, minmay_hedge_maze
D:4:      elyvilon_altar_3, chequers_temple_overflow_minitemple, serial_shops,
          shop, nicolae_shop_waterfront, nicolae_shop_stone, first_bread,
          uniq_menkaure
D:5:      lemuel_doored_altar, minmay_misc_feat_columns
D:7:      serial_shops, shop, kennysheep_windowed_goal, uniq_duvessa
D:8:      tso_metal_star, gammafunk_temple_overflow_elements
D:9:      serial_shops, kennysheep_mini_moat, grunt_dithmenos_shadows,
          uniq_erolcha, uniq_prince_ribbit1
D:10:     hangedman_fish_farm
Lair:2:   minmay_shoals_entry_centaurs, nicolae_spider_entry_orb_guardian,
          wad_woods_03, lemuel_fruit_fields, serial_bayou_shore_b
Spider:1: spider_trap

Skill      XL: |  1  2  3  4  5  6  7  8  9 |
---------------+----------------------------+-----
Unarmed Combat | 4 5 8 9 10 12 | 12.6
Fighting       | 5 7 |  7.4
Dodging        | |  2.4

Action                   |  1- 3 |  4- 6 |  7- 9 | 10-12 || total
-------------------------+-------+-------+-------+-------++-------
Melee: Unarmed           |    31 |    20 |   155 |    14 ||   220
       Punch             |       |       |     6 |       ||     6
Invok: Berserk           |     1 |     2 |     2 |     1 ||     6
  Use: Scroll            |       |       |     2 |       ||     2
       Potion            |       |       |     2 |       ||     2
 Stab: Sleeping          |       |       |       |     1 ||     1
  Eat: Chunk             |     9 |     6 |    11 |     2 ||    28
Armor: Animal skin       |     6 |     3 |    30 |     3 ||    42
       Skin              |       |       |     1 |       ||     1
Dodge: Dodged            |    10 |     6 |    52 |     4 ||    72
